 Dungeon Crawl Stone Soup version 0.28.0-53-g5a82cb258f (webtiles) character file.

Game seed: 7513198227903192030

716182 Snilsmaster12 the Hoplite (level 27, -12/97 (122) HPs)
             Began as a Vine Stalker Fighter on Aug 7, 2022.
             Was an Initiate of Gozag.
             Mangled by a death cob (19 damage)
             ... on level 4 of the Realm of Zot on Aug 8, 2022.
             The game lasted 04:26:18 (92871 turns).

Snilsmaster12 the Hoplite (Vine Stalker Fighter)   Turns: 92871, Time: 04:26:18

HP:   -12/97 (122)  AC: 45    Str: 21 (24) XL:     27
MP:   0/24          EV: 13    Int:  7 (11) God:    Gozag
Gold: 78            SH: 35    Dex: 29      Spells: 26/26 levels left

rFire   + + +      SeeInvis +   (no weapon)
rCold   + + .      Faith    .   D - +4 tower shield {AC+3}
rNeg    + + +      Spirit   +   V - +9 scales of the Dragon King {rPois rF+ rC+ Will+}
rPois   +          Reflect  +   B - +2 helmet {Int+3}
rElec   +          Harm     .   J - +0 cloak of the Bells {rF+ Int+4}
rCorr   +          Rampage  .   m - +2 pair of gloves {infuse}
Will    ++++.      Rage     1%  Z - +1 pair of boots "Wuixtarys" {rPois Regen+}
Stlth   ++........              T - amulet "Horia" {Reflect rElec SH+5 SInv Stlth+}
HPRegen 1.86/turn               A - ring "Xowiuden" {rF+ rN+++ Int-4 Dex+6}
MPRegen 0.19/turn               P - ring "Xulamo" {rC+ rCorr Str+4 Dex-2}

@: constricted, studying 3 skills, heavily drained, unable to read
A: fangs 3, regeneration 1, magic shield, antimagic bite, no potion heal 2,
talons 1, berserk 1, frail 2, weak 1, subdued magic 1, inability to read while
threatened
}: 6/15 runes: serpentine, barnacled, slimy, silver, obsidian, abyssal
a: Renounce Religion, Potion Petition, Call Merchant, Bribe Branch


You were on level 4 of the Realm of Zot.
You worshipped Gozag.
Gozag was noncommittal.
You visited 15 branches of the dungeon, and saw 65 of its levels.
You visited the Abyss 1 time.
You visited 1 bazaar.
You also visited: Gauntlet and Ice Cave.

You collected 31279 gold pieces.
You spent 14742 gold pieces at shops.
You paid 16459 gold pieces to Gozag.

Inventory:

Hand Weapons
 x - a +6 vorpal quick blade
 Y - the +8 rapier "Edirithreni" {vorpal, Drain rPois MP+9 Int+7}
   (You found it on level 5 of the Pits of Slime)

   It inflicts extra damage upon your enemies.
   Int:       It affects your intelligence (+7).
   rPois:     It protects you from poison.
   MP:        It affects your magic capacity (+9).
   Drain:     It drains your maximum health when unequipped.
Missiles
 h - 18 boomerangs (quivered)
 j - 6 silver boomerangs
 l - 12 throwing nets
 I - 20 javelins
 R - 20 boomerangs of dispersal
 W - 2 silver javelins
Armour
 m - a +2 pair of gloves of infusion (worn)
 u - the +1 chain mail of Vehumet's Wrath {rC+ Str+2 Dex+7}
   (You found it on level 4 of the Lair of Beasts)

   Str:       It affects your strength (+2).
   Dex:       It affects your dexterity (+7).
   rC:        It protects you from cold.
 B - a +2 helmet of intelligence (worn)
 D - a +4 tower shield of protection (worn)
 E - the +4 moon troll leather armour {Spirit, Regen++ MP+5}
   (You bought it in a shop on level 2 of the Crypt)

   MP:        It affects your magic capacity (+5).
   Regen:     It increases your rate of health regeneration.
 J - the +0 cloak of the Bells (worn) {rF+ Int+4}
   (You found it in a Gauntlet)

   Int:       It affects your intelligence (+4).
   rF:        It protects you from fire.
 V - the +9 scales of the Dragon King (worn) {rPois rF+ rC+ Will+}
   (You bought it in a shop on level 4 of the Depths)

   rF:        It protects you from fire.
   rC:        It protects you from cold.
   rPois:     It protects you from poison.
   Will:      It increases your willpower.
 Z - the +1 pair of boots "Wuixtarys" (worn) {rPois Regen+}
   (You found it on level 3 of the Shoals)

   rPois:     It protects you from poison.
   Regen:     It increases your rate of health regeneration.
Jewellery
 r - a ring of fire
 v - the ring "Ceugh" {rF+ rC+ rCorr}
   (You took it off a balrug on level 7 of Gehenna)

   [ring of protection from cold]

   rF:        It protects you from fire.
   rC:        It protects you from cold.
   rCorr:     It protects you from acid and corrosion.
 A - the ring "Xowiuden" (left hand) {rF+ rN+++ Int-4 Dex+6}
   (You took it off a deep elf pyromancer on level 2 of the Elven Halls)

   [ring of dexterity]

   Int:       It affects your intelligence (-4).
   Dex:       It affects your dexterity (+6).
   rF:        It protects you from fire.
   rN:        It renders you almost immune to negative energy.
 G - the ring "Fovoh" {rElec rF+ MP+9 EV+4}
   (You took it off a deep elf archer on level 3 of the Elven Halls)

   [ring of evasion]

   EV:        It affects your evasion (+4).
   rF:        It protects you from fire.
   rElec:     It insulates you from electricity.
   MP:        It affects your magic capacity (+9).
 M - the dreamshard necklace {*Dream Drain}
   (You found it on level 4 of the Snake Pit)

   [amulet of nothing]

   It shatters if its wearer takes lethal or near-lethal damage, preventing the
   blow and releasing protective dreams that heal and fight for the wearer.
   Drain:     It drains your maximum health when unequipped.
 P - the ring "Xulamo" (right hand) {rC+ rCorr Str+4 Dex-2}
   (You took it off a balrug on level 7 of Gehenna)

   [ring of protection from cold]

   Str:       It affects your strength (+4).
   Dex:       It affects your dexterity (-2).
   rC:        It protects you from cold.
   rCorr:     It protects you from acid and corrosion.
 T - the amulet "Horia" (around neck) {Reflect rElec SH+5 SInv Stlth+}
   (You bought it in a shop on level 1 of the Snake Pit)

   [amulet of reflection]

   It reflects blocked missile attacks.
   rElec:     It insulates you from electricity.
   SInv:      It lets you see invisible.
   SH:        It affects your SH (+5).
   Stlth:     It makes you more stealthy.
Wands
 d - a wand of flame (132)
 i - a wand of iceblast (59)
 o - a wand of polymorph (37)
 q - a wand of mindburst (32)
 t - a wand of paralysis (31)
 y - a wand of charming (7)
 H - a wand of digging (7)
Scrolls
 a - 16 scrolls of amnesia
 g - 5 scrolls of magic mapping
 p - 4 scrolls of torment
 w - 6 scrolls of blinking
 C - 6 scrolls of holy word
 F - 4 scrolls of silence
 K - 10 scrolls of fog
 N - 2 scrolls of brand weapon
 Q - 18 scrolls of teleportation
 X - 6 scrolls of fear
Potions
 c - 6 potions of might
 e - 4 potions of invisibility
 f - 6 potions of brilliance
 n - 3 potions of resistance
 s - 5 potions of ambrosia
 z - 2 potions of cancellation
 L - 4 potions of magic
 O - 3 potions of berserk rage
 S - 21 potions of curing
 U - 5 potions of haste
Miscellaneous
 b - the horn of Geryon
 k - a phantom mirror


   Skills:
 - Level 18.3 Fighting
 - Level 21.7 Short Blades
 - Level 2.7(11.2) Slings
 - Level 16.7(16.8) Throwing
 * Level 17.6 Armour
 * Level 19.0 Dodging
 - Level 19.2 Stealth
 - Level 21.7 Shields
 - Level 9.4 Evocations


You had 26 spell levels left.
You didn't know any spells.
Your spell library contained the following spells:

 Spells                   Type           Power      Damage    Failure   Level
 Animate Skeleton         Necr           0%         N/A       100%        1
 Apportation              Tloc           0%         N/A       100%        1
 Beastly Appendage        Tmut           0%         N/A       100%        1
 Magic Dart               Conj           0%         1d3       100%        1
 Pain                     Necr           0%         1d4       100%        1
 Shock                    Conj/Air       0%         1d3       100%        1
 Slow                     Hex            0%         N/A       100%        1
 Sting                    Tmut/Pois      0%         1d3       100%        1
 Summon Small Mammal      Summ           0%         N/A       100%        1
 Blink                    Tloc           0%         N/A       100%        2
 Corpse Rot               Necr/Air       0%         N/A       100%        2
 Ensorcelled Hibernation  Hex/Ice        0%         N/A       100%        2
 Passwall                 Tmut/Erth      0%         N/A       100%        2
 Scorch                   Fire           0%         2d5       100%        2
 Searing Ray              Conj           0%         2d4       100%        2
 Static Discharge         Conj/Air       0%         N/A       100%        2
 Sublimation of Blood     Necr           0%         N/A       100%        2
 Wereblood                Tmut           0%         N/A       100%        2
 Call Canine Familiar     Summ           0%         N/A       100%        3
 Confusing Touch          Hex            0%         N/A       100%        3
 Frozen Ramparts          Ice            0%         1d2       100%        3
 Gell's Gravitas          Tloc           0%         N/A       100%        3
 Inner Flame              Hex/Fire       0%         N/A       100%        3
 Lesser Beckoning         Tloc           0%         N/A       100%        3
 Mephitic Cloud           Conj/Pois/Air  0%         N/A       100%        3
 Portal Projectile        Hex/Tloc       0%         N/A       100%        3
 Spider Form              Tmut/Pois      0%         N/A       100%        3
 Stone Arrow              Conj/Erth      0%         3d7       100%        3
 Summon Guardian Golem    Hex/Summ       0%         N/A       100%        3
 Swiftness                Air            0%         N/A       100%        3
 Teleport Other           Tloc           0%         N/A       100%        3
 Vampiric Draining        Necr           0%         2d6       100%        3
 Airstrike                Air            0%         N/A       100%        4
 Anguish                  Hex/Necr       0%         N/A       100%        4
 Animate Armour           Summ/Erth      0%         N/A       100%        4
 Animate Dead             Necr           0%         N/A       100%        4
 Dispel Undead            Necr           0%         3d6       100%        4
 Flame Wave               Conj/Fire      0%         2d4       100%        4
 Fulminant Prism          Conj/Hex       0%         3d6       100%        4
 Ice Form                 Ice/Tmut       0%         N/A       100%        4
 Leda's Liquefaction      Hex/Erth       0%         N/A       100%        4
 Olgreb's Toxic Radiance  Pois           0%         N/A       100%        4
 Petrify                  Tmut/Erth      0%         N/A       100%        4
 Sticky Flame             Conj/Fire      0%         2d3       100%        4
 Summon Ice Beast         Ice/Summ       0%         N/A       100%        4
 Agony                    Necr           0%         N/A       100%        5
 Alistair's Intoxication  Tmut/Pois      0%         N/A       100%        5
 Blade Hands              Tmut           0%         N/A       100%        5
 Borgnjor's Vile Clutch   Necr/Erth      0%         N/A       100%        5
 Excruciating Wounds      Necr           0%         N/A       100%        5
 Fireball                 Conj/Fire      0%         3d3       100%        5
 Freezing Cloud           Conj/Ice/Air   0%         6-21      100%        5
 Irradiate                Conj/Tmut      0%         3d14      100%        5
 Iskenderun's Battlesphe  Conj           0%         2d6       100%        5
 Lee's Rapid Deconstruct  Erth           0%         3d5*      100%        5
 Lightning Bolt           Conj/Air       0%         1d11      100%        5
 Manifold Assault         Tloc           0%         N/A       100%        5
 Metabolic Englaciation   Hex/Ice        0%         N/A       100%        5
 Summon Forest            Summ/Tloc      0%         N/A       100%        5
 Summon Mana Viper        Hex/Summ       0%         N/A       100%        5
 Yara's Violent Unravell  Hex/Tmut       0%         3d3       100%        5
 Conjure Ball Lightning   Conj/Air       0%         3x3d6     100%        6
 Death Channel            Necr           0%         N/A       100%        6
 Dispersal                Tloc           0%         N/A       100%        6
 Eringya's Noxious Bog    Tmut/Pois      0%         N/A       100%        6
 Iron Shot                Conj/Erth      0%         9d1       100%        6
 Simulacrum               Ice/Necr       0%         N/A       100%        6
 Starburst                Conj/Fire      0%         6d3       100%        6
 Statue Form              Tmut/Erth      0%         N/A       100%        6
 Summon Cactus Giant      Summ           0%         N/A       100%        6
 Enfeeble                 Hex            0%         N/A       100%        7
 Haunt                    Necr/Summ      0%         N/A       100%        7
 Malign Gateway           Summ/Tloc      0%         N/A       100%        7
 Orb of Destruction       Conj           0%         9d5       100%        7
 Ozocubu's Refrigeration  Ice            0%         4d5       100%        7
 Spellforged Servitor     Conj/Summ      0%         N/A       100%        7
 Summon Hydra             Summ           0%         N/A       100%        7
 Discord                  Hex            0%         N/A       100%        8
 Disjunction              Tloc           0%         N/A       100%        8
 Ignition                 Fire           0%         3d3       100%        8
 Infestation              Necr           0%         N/A       100%        8
 Lehudib's Crystal Spear  Conj/Erth      0%         10d2      100%        8
 Maxwell's Capacitive Co  Air            0%         ∞         100%        8
 Summon Horrible Things   Summ           0%         N/A       100%        8
 Chain Lightning          Conj/Air       0%         N/A       100%        9
 Death's Door             Necr           0%         N/A       100%        9
 Polar Vortex             Ice            0%         N/A       100%        9


Dungeon Overview and Level Annotations

Branches:
Dungeon (15/15)            Temple (1/1) D:5            Lair (6/6) D:9
 Shoals (4/4) Lair:4        Snake (4/4) Lair:2        Slime (5/5) Lair:5
    Orc (2/2) D:10            Elf (3/3) Orc:2        Vaults (5/5) D:14
  Crypt (3/3) Vaults:3       Tomb (1/3) Crypt:3      Depths (4/4) D:15
   Hell (visited)             Dis (0/7) Hell            Geh (7/7) Hell
    Coc (0/7) Hell            Tar (0/7) Hell            Zot (4/5) Depths:4
  IceCv (visited)         Gauntlet (visited)

Altars:
Ashenzari
Cheibriados
Dithmenos
Elyvilon
Fedhas
Gozag
Hepliaklqana
Kikubaaqudgha
Makhleb
Nemelex Xobeh
Okawaru
Qazlal
Ru
Sif Muna
Trog
Uskayaw
Vehumet
Wu Jian
Xom
Yredelemnul
Zin
Beogh
Jiyva

Shops:
D:2 ?   D:4 [   D:5 :   D:9 =   D:11 [   Orc:2 ??=***   Elf:3 [   Lair:1 *
Lair:3 [   Shoals:1 (   Snake:1 =:=   Snake:3 (   Snake:4 ?   Vaults:2 ?(?:
Crypt:2 [*[   Tomb:1 (   Depths:1 *   Depths:4 [![

Portals:
Hell: Depths:1 Depths:2 Depths:3 Depths:4
Abyss: Depths:3
Pandemonium: Depths:2 Depths:3
Ziggurat: Depths:3

Annotations:
Depths:1 3 runed translucent doors, exclusion: obsidian statue, Astyaclo's ghost, legendary MiBe
Abyss:1 Mara; Maurice; Mennas; Nessos; Saint Roka; Sigmund; Snorg; gnacko's ghost, adept OgFE


Innate Abilities, Weirdness & Mutations

You have razor-sharp teeth.
Your natural rate of healing is unusually fast.
When hurt, damage is shared between your health and your magic reserves.
Your bite disrupts and absorbs the magic of your enemies.
Potions cannot restore your health.
You have sharp toenails.
You tend to lose your temper in combat.
You are very frail. (-20% HP)
You are weak. (Str -2)
Your spells are a little easier to cast, but a little less powerful.
You sometimes lose the ability to read scrolls when taking damage.


Message History

The tentacled monstrosity constricts you.
The ghost moth stares at you.
You feel your power leaking away. You block the death cob's attack.
The death cob hits you but does no damage. x2
A golden dragon comes into view.
The purple draconian hits you with a +1 vorpal war axe.
The tentacled monstrosity tentacle-slaps you!
* * * LOW HITPOINT WARNING * * *
You block the tentacled monstrosity's attack.
The tentacled monstrosity tentacle-slaps you but does no damage.
You block the tentacled monstrosity's attack.
The tentacled monstrosity closely misses you.
The tentacled monstrosity tentacle-slaps you but does no damage.
The tentacled monstrosity constricts you.
The tentacled monstrosity tentacle-slaps you but does no damage. x2
The tentacled monstrosity tentacle-slaps you!
* * * LOW HITPOINT WARNING * * *
You block the death cob's attack.
The death cob hits you but does no damage.
The purple draconian hits you with a +1 vorpal war axe!!
* * * LOW HITPOINT WARNING * * *
x2 You cannot read scrolls in your current state!
Unknown command.
You cannot read scrolls in your current state!
Unknown command.
Okay, then.
You cannot read scrolls in your current state!
Unknown command.
You feel drained.
You are now empty-handed.
You block the death cob's attack.
You block the tentacled monstrosity's attack. x2
The tentacled monstrosity tentacle-slaps you but does no damage.
The tentacled monstrosity constricts you.
* * * LOW HITPOINT WARNING * * *
You block the tentacled monstrosity's attack.
The tentacled monstrosity misses you.
You block the tentacled monstrosity's attack.
The death cob hits you!!
You die...
Your body crumbles into a pile of gold.

##. ... ... ...
#....#.#.#....y
#...#..D..#...#
#..#.......#..#
#.............#
#..#>.°8d.<#...
#....z.zD..X...
#..#.yXXzz.#X..


.y.z#zz@dd#.Xd# ....(#X#X#....# ... ... y.. .## # ..... ....# #..... #####
###### You could see 5 tentacled monstrosities, a golden dragon, a storm dragon,
a yellow draconian, a purple draconian (berserk), a white draconian, a curse
toe, 5 death cobs, 2 ghost moths and a moth of wrath (fleeing).

Vanquished Creatures
  Asmodeus (Geh:7)
  the Royal Jelly (Slime:5)
  the Serpent of Hell (Geh:7)
  2 dread liches
  An ancient lich (Vaults:5)
  A juggernaut (Depths:4)
  Frederick (Vaults:3)
  Bai Suzhen (Vaults:2)
  Boris (twice) (Vaults:4 Tomb:1)
  Vashnia (Snake:3)
  Geryon (Hell)
  Jory (Crypt:1)
  4 bone dragons
  7 golden dragons
  Nikola (Snake:3)
  13 tentacled monstrosities
  5 Brimstone Fiends (Geh:7)
  An electric golem (Zot:2)
  7 hellephants
  Jorgrun (Shoals:1)
  24 searing wretches
  A shard shrike skeleton (Crypt:3)
  5 liches
  A deep elf blademaster (Elf:2)
  5 quicksilver dragons
  8 titans
  A deep elf master archer (Elf:3)
  Asterion (Vaults:2)
  A walking frostbound tome (Depths:3)
  23 acid blobs
  An ancient champion (Crypt:2)
  An Executioner (Abyss:5)
  8 death cobs
  14 sphinxes
  6 tentacled starspawn (Abyss:5)
  5 tengu reavers
  4 draconian monks
  11 storm dragons
  3 revenants
  7 shadow dragons
  8 nagarajas
  Donald (Shoals:1)
  10 azure jellies
  4 draconian knights
  13 rockslimes
  8 frost giants
  Ilsuiw (Shoals:3)
  Louise (Shoals:4)
  14 fire giants
  An iron dragon (Vaults:5)
  27 balrugs
  12 vault wardens
  4 deep elf sorcerers
  A cacodemon (Depths:4)
  3 ghost moths
  3 caustic shrike zombies
  4 draconian scorchers
  A curse skull (Crypt:2)
  2 orc warlords
  5 deep elf elementalists
  A juggernaut zombie (Crypt:3)
  4 ghouls (Crypt:1)
  22 very ugly things
  4 draconian stormcallers
  4 draconian shifters
  2 draconian annihilators
  14 ironbound preservers
  18 quicksilver oozes
  7 reapers
  4 war gargoyles
  7 ironbound thunderhulks
  17 stone giants
  29 starcursed masses (Abyss:5)
  3 deep elf demonologists
  Azrael (Elf:1)
  12 black draconians
  10 deep elf annihilators
  8 green draconians
  A minotaur (Gauntlet)
  12 spark wasps
  4 purple draconians
  3 yellow draconians
  4 dire elephants (Vaults:3)
  14 ettins
  6 white draconians
  5 mummy priests (Tomb:1)
  4 red draconians
  A crystal guardian (Vaults:2)
  12 merfolk impalers
  11 yaktaur captains
  7 deep elf death magi
  5 deep elf high priests
  6 eidola
  2 quicksilver dragon zombies (Crypt:3)
  Josephine (Shoals:1)
  5 merfolk javelineers
  7 fire dragons
  6 jiangshi
  A fenstrider witch zombie (Crypt:2)
  11 great orbs of eyes
  22 salamander tyrants
  2 hell beasts
  30 vault guards
  16 naga warriors
  13 hydras
  2 spriggan zombies
  3 boulder beetles
  Erolcha (D:11)
  8 rakshasas
  13 ice dragons
  2 alligator snapping turtles
  3 peacekeepers
  3 spriggan air magi
  4 ironbound frosthearts
  7 merfolk aquamancers
  3 two-headed ogres (D:11)
  6 death knights
  A merfolk avatar (Shoals:1)
  7 deep troll shamans
  6 stokers
  18 anacondas
  An anaconda (shapeshifter) (Depths:1)
  14 centaur warriors
  An ogre mage (Vaults:5)
  The ghost of Placeboclown the Covert, a journeyman KoAr of Ashenzari (D:9)
  9 death yaks
  A satyr (shapeshifter) (Abyss:5)
  4 vampire magi
  31 hell hogs
  6 thrashing horrors (Abyss:5)
  5 deep troll earth magi
  4 tengu warriors
  14 hell knights
  4 shock serpents
  14 naga sharpshooters
  6 orc high priests
  A titan zombie (Crypt:2)
  9 soul eaters
  8 spriggan berserkers
  5 wretched stars (Abyss:5)
  3 salamander mystics
  A storm dragon zombie (Vaults:4)
  19 deep elf knights
  17 sun demons
  7 iron trolls
  15 skeletal warriors
  12 sea snakes
  2 glowing orange brains (Vaults:2)
  A quicksilver dragon simulacrum (Depths:2)
  43 deep trolls
  A bunyip zombie (Crypt:3)
  2 spark wasp zombies (Hell)
  9 naga ritualists
  3 flayed ghosts
  A swamp dragon (Abyss:5)
  12 deep elf archers
  14 ironbound convokers
  2 bog bodies
  14 wizards
  22 harpies
  2 bunyip skeletons (Crypt:3)
  6 orc knights
  A broodmother zombie (Crypt:1)
  13 phantasmal warriors
  66 ugly things
  An orange crystal statue (Vaults:1)
  An anaconda skeleton (Crypt:2)
  21 necromancers
  34 deep elf pyromancers
  A fire giant zombie (Crypt:1)
  4 frost giant zombies
  9 mana vipers
  3 shining eyes
  33 deep elf zephyrmancers
  8 fauns
  4 human zombies
  2 stone giant zombies (Hell)
  15 manticores
  2 worldbinders (Abyss:5)
  A cyclops (Shoals:1)
  4 oklob plants
  5 orc sorcerers
  19 salamanders
  23 moths of wrath
  A dire elephant zombie (Crypt:3)
  12 guardian serpents
  3 elephants (Lair:6)
  2 naga zombies
  3 human skeletons
  14 naga magi
  Joseph (D:9)
  A torpor snail (shapeshifter) (Vaults:5)
  14 water nymphs
  A rust devil (Depths:4)
  An ice statue (IceCv)
  10 smoke demons
  2 apocalypse crabs (Abyss:5)
  12 molten gargoyles
  2 black mambas (shapeshifter)
  10 merfolk sirens
  3 eyes of devastation
  44 black mambas
  2 gargoyles (D:11)
  12 hellions
  18 vault sentinels
  20 cane toads
  A demonic crawler (Hell)
  A dire elephant skeleton (Tomb:1)
  A yaktaur zombie (Vaults:4)
  2 orange demons (Hell)
  A kobold demonologist (Depths:3)
  An unseen horror (D:11)
  Maggie (Lair:1)
  A torpor snail (Lair:4)
  A titan simulacrum (Vaults:3)
  10 freezing wraiths
  3 tormentors
  A grey draconian zombie (Crypt:1)
  An unseen horror (shapeshifter) (D:13)
  5 efreet
  13 komodo dragons
  3 ice devils
  3 tengu conjurers
  3 rime drakes
  31 yaktaurs
  A troll (shapeshifter) (Abyss:5)
  An elf skeleton (Vaults:3)
  5 guardian mummies (Tomb:1)
  12 hellwings (Crypt:3)
  3 ancient zymes (Abyss:5)
  3 harpy zombies (Crypt:3)
  A catoblepas skeleton (Crypt:1)
  A death yak skeleton (Crypt:2)
  7 trolls
  2 meliai (D:14)
  A polar bear (Lair:5)
  29 merfolk
  2 tyrant leeches (Lair:6)
  7 wind drakes
  89 slime creatures
  17 blink frogs
  A guardian serpent zombie (Crypt:1)
  Grinder (D:4)
  8 raiju (Abyss:5)
  A dream sheep (shapeshifter) (Vaults:5)
  4 dream sheep
  6 snapping turtles
  2 raiju (shapeshifter)
  A frost giant simulacrum (Depths:1)
  8 air elementals (Shoals:4)
  5 ettin zombies
  A jumping spider (shapeshifter) (D:11)
  3 flying skulls (Gauntlet)
  2 ettin skeletons
  14 large abominations (Abyss:5)
  A ynoxinul (Abyss:5)
  6 shadows
  29 water elementals
  A vampire (D:11)
  2 wyverns
  5 basilisks
  A yak (shapeshifter) (Vaults:4)
  A wind drake zombie (Crypt:2)
  14 wraiths
  4 fire elementals (Elf:1)
  8 ushabtiu
  26 yaks
  A chaos spawn (Abyss:5)
  4 redbacks (Vaults:4)
  8 vampire mosquitoes
  3 neqoxecs (Abyss:5)
  A steam dragon (D:10)
  A death yak simulacrum (IceCv)
  4 golden eyes
  Menkaure (D:7)
  2 redbacks (shapeshifter)
  3 yaktaur simulacra
  35 nagas
  6 wargs
  11 hell hounds
  An ogre skeleton (Vaults:3)
  4 acid dragons
  10 water moccasins
  27 orc warriors
  A floating eye (Depths:1)
  2 sky beasts (D:5)
  A hornet zombie (D:9)
  2 black bears
  An elf simulacrum (Vaults:2)
  2 ice beasts
  A meliai simulacrum (D:15)
  An elephant zombie (Crypt:2)
  An ettin simulacrum (Abyss:5)
  5 necrophages
  An ogre (D:6)
  A boggart (Vaults:2)
  14 centaurs
  18 wolves
  2 phantoms
  A rime drake skeleton (Crypt:2)
  4 kobold brigands
  2 earth elementals (Elf:1)
  19 bullfrogs
  2 gnoll sergeants
  3 scorpions
  2 human simulacra (Vaults:4)
  2 wyvern zombies (D:7)
  2 cane toad simulacra (IceCv)
  6 wyvern skeletons
  A water moccasin skeleton (Crypt:2)
  An elephant simulacrum (IceCv)
  10 killer bees
  4 wights (D:9)
  7 electric eels
  5 howler monkeys
  4 small abominations (Abyss:5)
  A jelly (D:8)
  A bullfrog zombie (D:6)
  A centaur zombie (D:9)
  5 centaur skeletons
  2 hounds
  2 bullfrog skeletons
  14 orc priests
  Crazy Yiuf (D:3)
  Jessica (D:2)
  Ijyb (D:3)
  Natasha (thrice) (D:3)
  Terence (D:2)
  3 iguanas
  28 orc wizards
  24 hell rats
  A scorpion zombie (D:5)
  2 naga skeletons
  A deep dwarf skeleton (Crypt:1)
  A hound zombie (D:5)
  A hound skeleton (D:4)
  20 mummies
  Robin (D:3)
  4 howler monkey zombies
  15 gnolls
  5 adders
  3 white imps
  A howler monkey simulacrum (D:11)
  2 adder skeletons (D:4)
  A worm (D:4)
  2 dart slugs
  92 orcs
  6 ball pythons
  6 endoplasms
  4 giant cockroaches
  12 goblins
  11 hobgoblins
  3 jackals (D:2)
  2 quokkas
  3 training dummies (Shoals:1)
  4 bats
  2 frilled lizards
  13 kobolds
  A kobold skeleton (Crypt:1)
  An orc skeleton (Crypt:2)
  10 rats
  A bush (Lair:6)
  5 creeping infernos
  21 fire vortices
  A lurking horror (Abyss:5)
2590 creatures vanquished.

Vanquished Creatures (others)
  A death cob (Zot:3)
  A very ugly thing (Depths:1)
  2 bennus (Tomb:1)
  26 dancing weapons
  A hell hog (Hell)
  A deep elf knight (Elf:2)
  A deep troll (Vaults:1)
  3 deep elf pyromancers
  A smoke demon (Hell)
  A merfolk (Shoals:2)
  A water elemental (Elf:1)
  A centaur (D:15)
  A small abomination (Abyss:5)
  An orc priest (Orc:2)
  A hell rat (Lair:6)
  An iguana zombie (Crypt:2)
  An orc (D:10)
  3 creeping infernos
  40 fungi
  3 lurking horrors (Abyss:5)
  176 plants
  27 starspawn tentacles (Abyss:5)
  30 withered plants
324 creatures vanquished.

Grand Total: 2914 creatures vanquished

Notes
Turn   | Place    | Note
-------+----------+-------------------------------------------
     0 | D:1      | Snilsmaster12 the Vine Stalker Fighter began the quest for
                  | the Orb.
     0 | D:1      | Reached XP level 1. HP: 11/11 MP: 2/2
    29 | D:1      | Reached XP level 2. HP: 11/16 MP: 1/3
   467 | D:2      | Found a faded altar of an unknown god.
   497 | D:2      | Reached XP level 3. HP: 17/19 MP: 4/4
   601 | D:2      | Noticed Terence
   625 | D:2      | Killed Terence
   626 | D:2      | Gained mutation: Your natural rate of healing is unusually
                  | fast. [Vine Stalker growth]
   626 | D:2      | Reached XP level 4. HP: 5/23 MP: 3/5
   693 | D:2      | You fall into a shaft and drop 1 floor!
   707 | D:3      | Found a shimmering altar of Xom.
   708 | D:3      | Noticed Robin
   746 | D:3      | Killed Robin
   783 | D:3      | Reached XP level 5. HP: 19/27 MP: 4/6
   865 | D:3      | Noticed Natasha
   873 | D:3      | Killed Natasha
  1321 | D:2      | Reached skill level 5 in Short Blades
  1329 | D:2      | Noticed Jessica
  1343 | D:2      | Killed Jessica
  1412 | D:2      | Found Muoxtuyf's Magic Scroll Shoppe.
  1947 | D:3      | Noticed Ijyb
  1951 | D:3      | Paralysed by Ijyb for 5 turns
  1959 | D:3      | Paralysed by Ijyb for 7 turns
  1981 | D:3      | Paralysed by Ijyb for 5 turns
  1988 | D:3      | Killed Ijyb
  1989 | D:3      | Reached XP level 6. HP: 29/32 MP: 5/7
  2083 | D:3      | Noticed Natasha
  2095 | D:3      | Killed Natasha
  2099 | D:3      | Noticed Natasha
  2105 | D:3      | Killed Natasha
  2247 | D:3      | Found a runed translucent door.
  2250 | D:3      | Noticed Crazy Yiuf
  2318 | D:3      | Killed Crazy Yiuf
  2437 | D:4      | Noticed a water moccasin
  2446 | D:4      | Killed a water moccasin
  2478 | D:4      | Reached XP level 7. HP: 35/35 MP: 8/8
  2829 | D:4      | Found Xuol's Antique Armour Shoppe.
  2902 | D:4      | Noticed Grinder
  2927 | D:4      | Killed Grinder
  3463 | D:5      | Entered Level 5 of the Dungeon
  3468 | D:5      | Gained mutation: You have razor-sharp teeth. [Vine Stalker
                  | growth]
  3468 | D:5      | Reached XP level 8. HP: 39/39 MP: 9/9
  3530 | D:5      | Found a staircase to the Ecumenical Temple.
  3546 | Temple   | Entered the Ecumenical Temple
  3565 | Temple   | Became a worshipper of Gozag Ym Sagoz the Greedy
  3634 | D:5      | Found a blossoming altar of Fedhas.
  3932 | D:5      | Found a radiant altar of Vehumet.
  3938 | D:5      | Found a basalt altar of Yredelemnul.
  3938 | D:5      | Found a shimmering blue altar of Sif Muna.
  4224 | D:5      | Reached skill level 10 in Short Blades
  4558 | D:5      | Found Mowecs's Book Boutique.
  4681 | D:5      | Found a burning altar of Makhleb.
  4681 | D:5      | Noticed a cacodemon
  4684 | D:5      | Noticed a ynoxinul
  4684 | D:5      | Noticed a ynoxinul
  4787 | D:5      | Reached XP level 9. HP: 40/43 MP: 8/10
  4859 | D:4      | Bought a runed helmet for 187 gold pieces
  4955 | D:5      | Reached skill level 1 in Dodging
  5243 | D:6      | Found a white marble altar of Elyvilon.
  5713 | D:6      | Noticed Sigmund
  5720 | D:6      | Banished Sigmund
  5724 | D:6      | Identified the +3 flail of Quick Death {flame, rElec Str+3
                  | Stlth-}
  6097 | D:6      | Found a sparkling altar of Nemelex Xobeh.
  6273 | D:4      | Bought a runed buckler for 187 gold pieces
  6372 | D:7      | Noticed Menkaure
  6381 | D:7      | Killed Menkaure
  6803 | D:7      | Reached skill level 5 in Fighting
  6803 | D:7      | Reached XP level 10. HP: 51/51 MP: 11/11
  7275 | D:4      | Bought a pair of runed gloves for 187 gold pieces
  7729 | D:8      | Noticed Maurice
  7738 | D:8      | Banished Maurice
  8411 | D:9      | Found a snail-covered altar of Cheibriados.
  8489 | D:9      | Reached skill level 5 in Dodging
  8568 | D:9      | Noticed Joseph
  8588 | D:9      | Killed Joseph
  8772 | D:9      | Noticed a five-headed hydra
  8784 | D:9      | Killed a five-headed hydra
  8785 | D:9      | Reached XP level 11. HP: 45/58 MP: 8/12
  8876 | D:9      | Reached skill level 5 in Armour
  8907 | D:9      | Noticed a rakshasa
  8907 | D:9      | Noticed a manticore
  8907 | D:9      | Noticed a tengu warrior
  8908 | D:9      | Noticed a brown ugly thing
  8941 | D:9      | Banished a tengu warrior
  8974 | D:9      | Killed a rakshasa
  9131 | D:9      | Noticed an eight-headed hydra
  9144 | D:9      | Killed a manticore
  9163 | D:9      | Killed an eight-headed hydra
  9196 | D:9      | Killed a brown ugly thing
  9378 | D:9      | Noticed a two-headed ogre
  9541 | D:2      | Bought a scroll of amnesia for 35 gold pieces
  9541 | D:2      | Bought a scroll of vulnerability for 75 gold pieces
  9541 | D:2      | Bought a scroll of identify for 20 gold pieces
  9715 | D:9      | Found a staircase to the Lair.
  9930 | D:9      | Banished a two-headed ogre
 10022 | D:9      | Found a runed translucent gate.
 10022 | D:9      | Found a runed translucent gate.
 10022 | D:9      | Found a runed translucent gate.
 10023 | D:9      | Noticed Placeboclown's ghost (journeyman KoAr)
 10062 | Lair:1   | Entered Level 1 of the Lair of Beasts
 10065 | Lair:1   | Noticed an oklob plant
 10071 | Lair:1   | Paralysed by a floating eye for 4 turns
 10129 | Lair:1   | Noticed an oklob plant
 10226 | Lair:1   | Paralysed by a floating eye for 4 turns
 10345 | Lair:1   | Noticed Maggie
 10355 | Lair:1   | Killed Maggie
 10443 | Lair:1   | Reached XP level 12. HP: 62/65 MP: 13/13
 10453 | Lair:1   | Noticed a five-headed hydra
 10465 | Lair:1   | Killed a five-headed hydra
 10584 | Lair:1   | Noticed a seven-headed hydra
 10592 | Lair:1   | Killed a seven-headed hydra
 10630 | Lair:1   | Noticed an eight-headed hydra
 10635 | Lair:1   | Banished an eight-headed hydra
 11169 | Lair:2   | Found a staircase to the Snake Pit.
 11181 | Lair:2   | Noticed a five-headed hydra
 11205 | Lair:2   | Banished a five-headed hydra
 11531 | Lair:2   | Noticed an eight-headed hydra
 11541 | Lair:2   | Killed an eight-headed hydra
 11542 | Lair:2   | Reached skill level 10 in Fighting
 11687 | Lair:2   | Gained mutation: Your flesh is cold resistant. (rC+)
                  | [potion of mutation]
 11687 | Lair:2   | Gained mutation: You sometimes lose the ability to read
                  | scrolls when taking damage. [potion of mutation]
 11687 | Lair:2   | Gained mutation: Your system is resistant to poisons.
                  | (rPois) [potion of mutation]
 11688 | Lair:2   | Lost mutation: Your flesh is cold resistant. (rC+) [potion
                  | of mutation]
 11688 | Lair:2   | Lost mutation: You sometimes lose the ability to read
                  | scrolls when taking damage. [potion of mutation]
 11688 | Lair:2   | Lost mutation: Your system is resistant to poisons. (rPois)
                  | [potion of mutation]
 11688 | Lair:2   | Gained mutation: You have supernaturally acute eyesight.
                  | (SInv) [potion of mutation]
 11688 | Lair:2   | Gained mutation: Your magical capacity is low. (-10% MP)
                  | [potion of mutation]
 11688 | Lair:2   | Gained mutation: You are partially covered in iridescent
                  | scales. (AC +2) [potion of mutation]
 11689 | Lair:2   | Lost mutation: Your magical capacity is low. (-10% MP)
                  | [potion of mutation]
 11689 | Lair:2   | Lost mutation: You have supernaturally acute eyesight.
                  | (SInv) [potion of mutation]
 11689 | Lair:2   | Gained mutation: You are dopey. (Int -2) [potion of
                  | mutation]
 11689 | Lair:2   | Gained mutation: You tend to lose your temper in combat.
                  | [potion of mutation]
 11689 | Lair:2   | Gained mutation: You have hidden genetic defects. [potion
                  | of mutation]
 12186 | Lair:3   | Noticed a death yak
 12192 | Lair:3   | Killed a death yak
 12193 | Lair:3   | Reached XP level 13. HP: 69/72 MP: 12/14
 12204 | Lair:3   | Gained mutation: You are frail. (-10% HP) [hidden defects]
 12335 | Lair:3   | Bought a pair of runed boots for 247 gold pieces
 12340 | Lair:3   | Bought a shiny chain mail for 247 gold pieces
 12565 | Lair:3   | Lost mutation: You have hidden genetic defects. [potion of
                  | mutation]
 12565 | Lair:3   | Lost mutation: You are frail. (-10% HP) [potion of
                  | mutation]
 12565 | Lair:3   | Lost mutation: You are dopey. (Int -2) [potion of mutation]
 12565 | Lair:3   | Gained mutation: Your skin changes colour to match your
                  | surroundings (Stealth+). [potion of mutation]
 13220 | Lair:4   | Identified the +1 chain mail of Vehumet's Wrath {rC+ Str+2
                  | Dex+7}
 14285 | Lair:4   | Found a staircase to the Shoals.
 14328 | Lair:5   | Found a gate leading to a gauntlet.
 14347 | Gauntlet | Entered a Gauntlet
 14347 | Gauntlet | Found a transporter.
 14357 | Gauntlet | Found a transporter.
 14372 | Gauntlet | Found a transporter.
 14374 | Gauntlet | Noticed a great orb of eyes
 14377 | Gauntlet | Found a transporter.
 14394 | Gauntlet | Found a transporter.
 14409 | Gauntlet | Found a transporter.
 14424 | Gauntlet | Found a transporter.
 14436 | Gauntlet | Found a transporter.
 14448 | Gauntlet | Found a transporter.
 14454 | Gauntlet | Found a transporter.
 14454 | Gauntlet | Found a transporter.
 14469 | Gauntlet | Found a transporter.
 14486 | Gauntlet | Found a transporter.
 14525 | Gauntlet | Found a transporter.
 14552 | Gauntlet | Found a transporter.
 14552 | Gauntlet | Found a transporter.
 14648 | Gauntlet | Found a transporter.
 14775 | Gauntlet | Found a transporter.
 14990 | Gauntlet | Noticed an ettin
 14990 | Gauntlet | a boulder beetle changed into an ettin
 15087 | Gauntlet | Reached skill level 10 in Dodging
 15111 | Gauntlet | Noticed a spark wasp
 15125 | Gauntlet | Noticed a fire dragon
 15125 | Gauntlet | a spark wasp changed into a fire dragon
 15297 | Gauntlet | Identified the +0 cloak of the Bells {rF+ Int+4}
 15486 | Gauntlet | Identified the +9 mace of Benejo {vorpal, *Corrode *Slow
                  | Str+8 Dex+4}
 15486 | Gauntlet | Identified the amulet "Puikhorr" {Faith rF+}
 15486 | Gauntlet | Noticed a minotaur
 15497 | Gauntlet | Killed a minotaur
 15502 | Gauntlet | Identified the +9 spear of Sukhlea {flame, rElec rPois
                  | Str+4 Int-5}
 15774 | Lair:5   | Reached XP level 14. HP: 73/79 MP: 13/15
 16070 | Lair:5   | Found a viscous altar of Jiyva.
 16070 | Lair:5   | Found a staircase to the Slime Pits.
 16325 | Lair:6   | Entered Level 6 of the Lair of Beasts
 17551 | Lair:6   | Found an opulent altar of Gozag.
 18325 | D:9      | Bought the ring "Asoddeos" {rF+ MP+9 Str+3} for 725 gold
                  | pieces
 18426 | D:9      | Killed Placeboclown's ghost
 18599 | D:10     | Entered Level 10 of the Dungeon
 18672 | D:10     | Found a sacrificial altar of Ru.
 18734 | D:10     | Found a blossoming altar of Fedhas.
 18981 | D:10     | Reached skill level 1 in Stealth
 19290 | D:10     | Found a staircase to the Orcish Mines.
 19478 | Orc:1    | Entered Level 1 of the Orcish Mines
 19579 | Orc:1    | Reached XP level 15. HP: 79/86 MP: 16/16
 20087 | Orc:2    | Entered Level 2 of the Orcish Mines
 20087 | Orc:2    | Found a staircase to the Elven Halls.
 20147 | Orc:2    | Noticed Saint Roka
 20493 | Orc:1    | Banished Saint Roka
 20745 | Orc:2    | Found Ypnub's Mayhem Merchandise.
 20790 | Orc:2    | Noticed Nessos
 20799 | Orc:2    | Banished Nessos
 21056 | Orc:2    | Found Yhupp's General Store.
 21179 | Orc:2    | Found Tunofenk's General Store.
 21586 | Orc:2    | Found Wymnien's Jewellery Emporium.
 22767 | Orc:2    | Found Qovuink's Magic Scroll Shop.
 22767 | Orc:2    | Found Qesupp's Magic Scroll Shop.
 22934 | Orc:2    | Noticed an orc warlord
 23028 | Orc:1    | Banished an orc warlord
 23205 | Orc:2    | Bought a scroll of identify for 30 gold pieces
 23206 | Orc:2    | Bought a scroll of teleportation for 45 gold pieces
 23206 | Orc:2    | Bought a scroll of fear for 52 gold pieces
 23208 | Orc:2    | Bought the ring "Hatongem" {Wiz rElec rPois rF+} for 662
                  | gold pieces
 23213 | Orc:2    | Bought a scroll of magic mapping for 42 gold pieces
 23223 | Orc:2    | Bought a scroll of identify for 32 gold pieces
 23223 | Orc:2    | Bought a scroll of blinking for 120 gold pieces
 23223 | Orc:2    | Bought a scroll of teleportation for 48 gold pieces
 23223 | Orc:2    | Bought a scroll of teleportation for 48 gold pieces
 23223 | Orc:2    | Bought a scroll of fear for 56 gold pieces
 23256 | Elf:1    | Entered Level 1 of the Elven Halls
 23290 | Orc:2    | Bought a scroll of enchant weapon for 112 gold pieces
 23298 | Orc:2    | Bought a scroll of enchant weapon for 120 gold pieces
 23748 | Elf:1    | Reached skill level 5 in Stealth
 23951 | D:9      | Bought an amulet of reflection for 540 gold pieces
 24182 | Elf:1    | Reached skill level 5 in Shields
 24388 | Elf:1    | Noticed Azrael
 24415 | Elf:1    | Killed Azrael
 24674 | Elf:1    | Reached XP level 16. HP: 92/92 MP: 17/17
 24699 | Elf:1    | Got the Reference Book on Attacks and Summoning
 25178 | Elf:2    | Found a radiant altar of Vehumet.
 26029 | Elf:2    | Found a runed translucent gate.
 26029 | Elf:2    | Found a runed translucent gate.
 26029 | Elf:2    | Found a runed translucent gate.
 26192 | Elf:2    | Noticed a deep elf blademaster
 27096 | Elf:3    | Entered Level 3 of the Elven Halls
 27319 | Elf:3    | Reached XP level 17. HP: 98/98 MP: 18/18
 27752 | Elf:3    | Reached skill level 10 in Armour
 28011 | Elf:3    | Reached skill level 10 in Stealth
 28525 | Elf:3    | Identified the ring "Fovoh" {rElec rF+ MP+9 EV+4}
 28526 | Elf:3    | Noticed a deep elf master archer
 28638 | Elf:3    | Killed a deep elf master archer
 28676 | Elf:3    | Identified the +10 great mace of Ruhooluc {vorpal, Fly
                  | Will+ Int+4 Dex+2}
 28711 | Elf:3    | Noticed a deep elf blademaster
 28751 | Elf:2    | Killed a deep elf blademaster
 28752 | Elf:2    | Reached skill level 15 in Fighting
 29137 | Elf:3    | Identified the +7 flail of Responsibility {venom, rF+ rCorr
                  | Int+5}
 29142 | Elf:3    | Identified the +5 chain mail "Peatoenn" {rPois rN+ MP+9
                  | Dex+2}
 29305 | Elf:2    | Banished a deep elf blademaster
 29662 | Elf:3    | Noticed an Executioner
 30724 | Elf:3    | Noticed an Ice Fiend
 31043 | Elf:3    | Identified the +7 great mace of Fietynk {speed, rF+ Str+5}
 31240 | Elf:3    | Identified the +9 short sword "Bynierghoups" {drain, rElec
                  | Int+4}
 31240 | Elf:3    | Identified the ring "Xowiuden" {rF+ rN+++ Int-4 Dex+6}
 31288 | Elf:3    | Identified the +4 mace of Guut {spect, Int+4}
 31288 | Elf:3    | Identified the +3 buckler "Ipiwneng" {Fly Str+3 Int+2
                  | Stlth+}
 31743 | Elf:3    | Identified the +8 scale mail of Compression {Regen+ Int+4
                  | Stlth+}
 31872 | Elf:3    | Noticed a deep elf blademaster
 31901 | Elf:3    | Banished a deep elf blademaster
 31923 | Elf:3    | Got Kikubaaqudgha's Grimoire of the Scorpion
 31927 | Elf:3    | Got the Collected Works on the Damaging Arsonist
 31931 | Elf:3    | Got Juget's Catalogue of Evil and Bewitchment
 32346 | D:11     | Noticed Erolcha
 32354 | D:11     | Killed Erolcha
 32430 | D:11     | Found Amuesu's Armour Shop.
 32438 | D:11     | Bought a +1 pair of gloves of infusion for 280 gold pieces
 32756 | D:11     | Identified the +4 hand axe of the Jolly Persimmons {pain,
                  | rF+ Str+5}
 32776 | D:11     | Reached XP level 18. HP: 91/104 MP: 13/19
 34330 | D:13     | Found a frozen archway.
 34446 | IceCv    | Entered an ice cave
 34447 | IceCv    | Found a transporter.
 34509 | IceCv    | Found a transporter.
 34788 | D:13     | Noticed Snorg
 34794 | D:13     | Banished Snorg
 35027 | D:14     | Found a hazy altar of Hepliaklqana.
 35310 | D:14     | Found a gate to the Vaults.
 35564 | D:15     | Entered Level 15 of the Dungeon
 36721 | D:15     | Found a staircase to the Depths.
 37059 | Elf:3    | Bought bronze storm dragon scales for 2040 gold pieces
 37059 | Elf:3    | Identified the +2 storm dragon scales of the Spheres {rElec
                  | MP+9 Int+4 Dex-4} (You bought it in a shop on level 3 of
                  | the Elven Halls)
 37405 | Lair:1   | Reached skill level 10 in Shields
 37569 | Snake:1  | Entered Level 1 of the Snake Pit
 37829 | Snake:1  | Reached skill level 15 in Short Blades
 38781 | Snake:1  | Found Kiyvvohe's Book Shoppe.
 38782 | Snake:1  | Found Jyablok's Jewellery Boutique.
 38782 | Snake:1  | Found Ucoihali's Jewellery Boutique.
 39225 | Snake:2  | Reached XP level 19. HP: 109/109 MP: 18/20
 40140 | Snake:3  | Identified the +8 plate armour of Vanity {Regen+ Int+4}
 40426 | Snake:1  | Bought the amulet "Horia" {Reflect rElec SH+5 SInv Stlth+}
                  | for 561 gold pieces
 40529 | Snake:3  | Noticed Nikola
 40535 | Snake:3  | Noticed Mara
 40563 | Snake:3  | Killed Nikola
 40737 | Snake:2  | Noticed Snilsmaster12's illusion
 40795 | Snake:2  | Banished Mara
 41238 | Snake:3  | Reached skill level 15 in Stealth
 41254 | Snake:3  | Noticed Vashnia
 41322 | Snake:3  | Killed Vashnia
 41623 | Snake:4  | Entered Level 4 of the Snake Pit
 42230 | Snake:4  | Reached XP level 20. HP: 116/116 MP: 19/21
 42288 | Snake:4  | Found the dreamshard necklace {*Dream Drain}
 42384 | Snake:4  | Found Zurureca's Magic Scroll Shop.
 42392 | Snake:4  | Bought a scroll of enchant weapon for 97 gold pieces
 43407 | Snake:4  | Got a serpentine rune of Zot
 43714 | Shoals:1 | Entered Level 1 of the Shoals
 43716 | Shoals:1 | Noticed Donald
 43761 | Shoals:1 | Killed Donald
 43839 | Shoals:1 | Found Gikh's Firing Range.
 44087 | Shoals:1 | Noticed Josephine
 44095 | Shoals:1 | Killed Josephine
 44324 | Shoals:1 | Noticed Jorgrun
 44332 | Shoals:1 | Killed Jorgrun
 45241 | Shoals:2 | Identified the +5 quarterstaff of Greed {protect, rElec
                  | Str-3 Int-2 Dex+9}
 46001 | Shoals:3 | Found a transporter.
 46005 | Shoals:3 | Noticed gnacko's ghost (adept OgFE)
 46175 | Shoals:3 | Noticed Ilsuiw
 46175 | Shoals:3 | Identified the ring "Xapunemn" {rC+ rN+}
 46225 | Shoals:3 | Killed Ilsuiw
 46627 | Shoals:3 | Reached skill level 1 in Throwing
 46664 | Shoals:3 | Reached XP level 21. HP: 120/120 MP: 19/22
 46751 | Shoals:3 | Found a transporter.
 47054 | Shoals:3 | Identified the +1 pair of boots "Wuixtarys" {rPois Regen+}
 47361 | Shoals:3 | Banished gnacko's ghost
 47537 | Shoals:4 | Entered Level 4 of the Shoals
 47739 | Shoals:4 | Paralysed by an air elemental for 1 turns
 47919 | Shoals:4 | Noticed Louise
 47926 | Shoals:4 | Killed Louise
 48259 | Shoals:4 | Reached skill level 15 in Dodging
 48497 | Shoals:4 | Paralysed by an air elemental for 1 turns
 48519 | Shoals:4 | Got a barnacled rune of Zot
 48978 | Shoals:1 | Bought 5 boomerangs of dispersal for 90 gold pieces
 49055 | Lair:1   | Bought a scroll of teleportation for 66 gold pieces
 49205 | Depths:1 | Entered Level 1 of the Depths
 49226 | Depths:1 | Reached skill level 5 in Throwing
 49305 | Depths:1 | Found a gateway to Hell.
 50316 | Depths:1 | Found a bloodstained altar of Trog.
 50361 | Depths:1 | Found a runed translucent gate.
 50362 | Depths:1 | Found an opulent altar of Gozag.
 50363 | Depths:1 | Found a runed translucent gate.
 50363 | Depths:1 | Found a runed translucent gate.
 50365 | Depths:1 | Found Vyafeta's Assorted Antiques.
 50367 | Depths:1 | Noticed Astyaclo's ghost (legendary MiBe)
 50613 | Depths:2 | Reached XP level 22. HP: 92/126 MP: 19/23
 50858 | Depths:2 | Found a one-way gate leading to the halls of Pandemonium.
 52836 | Depths:3 | Reached skill level 10 in Throwing
 53456 | Depths:3 | Found a one-way gate to the infinite horrors of the Abyss.
 54042 | Depths:3 | Found a one-way gateway to a ziggurat.
 54211 | Depths:3 | Reached XP level 23. HP: 130/130 MP: 24/24
 54526 | Depths:3 | Noticed a caustic shrike
 54537 | Depths:3 | Banished a caustic shrike
 54670 | Depths:3 | Noticed a golden dragon
 54677 | Depths:3 | Killed a golden dragon
 54795 | Depths:3 | Identified the ring of Zuhicuv {rCorr MP+9}
 54800 | Depths:3 | Got the Collected Works on Shifting Bewitchment
 54884 | Depths:4 | Entered Level 4 of the Depths
 55028 | Depths:4 | Found Newnitil's Distillery.
 55085 | Depths:4 | Bought a potion of mutation for 168 gold pieces
 55846 | Depths:4 | Found a gate to the Realm of Zot.
 56119 | Depths:4 | Noticed a juggernaut
 56166 | Depths:4 | Killed a juggernaut
 56204 | Depths:4 | Reached skill level 15 in Shields
 56552 | Depths:4 | Found a glowing silver altar of Zin.
 56561 | Depths:4 | Lost mutation: You tend to lose your temper in combat.
                  | [potion of mutation]
 56561 | Depths:4 | Lost mutation: Your skin changes colour to match your
                  | surroundings (Stealth+). [potion of mutation]
 56561 | Depths:4 | Gained mutation: Your movements are slightly less
                  | encumbered by armour. (ER -2) [potion of mutation]
 56561 | Depths:4 | Lost mutation: You are partially covered in iridescent
                  | scales. (AC +2) [potion of mutation]
 56689 | Vaults:1 | Entered Level 1 of the Vaults
 57260 | Vaults:1 | Found a transporter.
 57271 | Vaults:1 | Found a transporter.
 57390 | Vaults:1 | Identified the +0 helmet of Pan-Flutes {Dex+2}
 57394 | Vaults:1 | Identified the amulet of Harmony {Faith rC+}
 57395 | Vaults:1 | Identified the +8 hand crossbow "Yjacor" {freeze, Will+
                  | Str+2}
 58025 | D:5      | Bought a manual of Short Blades for 960 gold pieces
 58025 | D:5      | Bought a manual of Short Blades for 960 gold pieces
 58639 | Vaults:2 | Found Giugrear's Book Shoppe.
 58644 | Vaults:2 | Found Aroath's Magic Scroll Boutique.
 58696 | Vaults:2 | Bought a scroll of enchant weapon for 150 gold pieces
 58696 | Vaults:2 | Bought a scroll of blinking for 150 gold pieces
 58987 | Vaults:2 | Noticed Asterion
 58994 | Vaults:2 | Killed Asterion
 59095 | Vaults:2 | Reached XP level 24. HP: 135/135 MP: 24/24
 59387 | Vaults:2 | Found Zostrasorch's Magic Scroll Emporium.
 59391 | Vaults:2 | Bought a scroll of blinking for 127 gold pieces
 59510 | Vaults:2 | Found Boviopt's Antique Weapon Emporium.
 59685 | Vaults:2 | Noticed Bai Suzhen
 59705 | Vaults:2 | Killed Bai Suzhen
 60113 | Vaults:3 | Reached skill level 15 in Armour
 60569 | Vaults:3 | Noticed Frederick
 60576 | Vaults:3 | Killed Frederick
 61326 | Vaults:3 | Found a staircase to the Crypt.
 61781 | Vaults:4 | Found a flickering gateway to a bazaar.
 61788 | Bazaar   | Entered a bazaar
 61792 | Bazaar   | Found Feenepeb's Book Boutique.
 61800 | Bazaar   | Found Pomeiguo's Antique Armour Boutique.
 61811 | Bazaar   | Found Ofoen's Distillery.
 61822 | Bazaar   | Found Kaewohirio's General Store.
 61830 | Bazaar   | Found Mieput's Antique Weapon Shop.
 61863 | Bazaar   | Bought a potion of might for 52 gold pieces
 61863 | Bazaar   | Bought a potion of might for 52 gold pieces
 61863 | Bazaar   | Bought a potion of mutation for 104 gold pieces
 61863 | Bazaar   | Bought a potion of resistance for 130 gold pieces
 61863 | Bazaar   | Bought 2 potions of curing for 78 gold pieces
 61874 | Bazaar   | Bought a runed helmet for 240 gold pieces
 61874 | Bazaar   | Bought an embroidered cloak for 240 gold pieces
 62957 | Vaults:4 | Reached XP level 25. HP: 139/139 MP: 24/24
 63396 | Vaults:5 | Entered Level 5 of the Vaults
 63870 | Vaults:5 | Reached skill level 15 in Throwing
 63876 | Vaults:5 | Noticed Boris
 64041 | Vaults:4 | Killed Boris
 65069 | Vaults:5 | Identified the +8 long sword of Guilt {drain, Str+3}
 65125 | Vaults:5 | Noticed Mennas
 65182 | Vaults:5 | Banished Mennas
 65244 | Vaults:5 | Found the +7 lajatang of Order {silver, rMut}
 65257 | Vaults:5 | Identified the ring "Hyratupp" {Ice Int+6}
 65296 | Vaults:5 | Noticed a dread lich
 65316 | Vaults:5 | Banished a dread lich
 65408 | Vaults:5 | Identified the +1 cloak "Zuret" {Int+3}
 65541 | Vaults:5 | Noticed an ancient lich
 66141 | Vaults:5 | Killed an ancient lich
 66182 | Vaults:5 | Reached XP level 26. HP: 92/144 MP: 24/24
 66250 | Vaults:5 | Got Sif Muna's Collected Works on Shape Shifting and the
                  | Birds
 66298 | Vaults:5 | Got a silver rune of Zot
 66557 | Vaults:5 | Identified the +9 scythe of the Glowing Lamprey {elec,
                  | Int+6}
 66668 | Crypt:1  | Entered Level 1 of the Crypt
 66781 | Crypt:1  | Lost mutation: Your movements are slightly less encumbered
                  | by armour. (ER -2) [potion of mutation]
 66781 | Crypt:1  | Gained mutation: You are agile. (Dex +2) [potion of
                  | mutation]
 66781 | Crypt:1  | Gained mutation: You are frail. (-10% HP) [potion of
                  | mutation]
 66781 | Crypt:1  | Gained mutation: Your flesh is cold resistant. (rC+)
                  | [potion of mutation]
 66781 | Crypt:1  | Gained mutation: You possess an exceptional clarity of
                  | mind. [potion of mutation]
 67016 | Crypt:1  | Noticed Jory
 67021 | Crypt:1  | Killed Jory
 69111 | Crypt:3  | Entered Level 3 of the Crypt
 69117 | Crypt:2  | Bought a pitted cloak for 190 gold pieces
 69117 | Crypt:2  | Identified the -1 cloak of Gaorph {Fly rElec Str+2} (You
                  | bought it in a shop on level 2 of the Crypt)
 69117 | Crypt:2  | Bought a bronze chain mail for 190 gold pieces
 69117 | Crypt:2  | Identified the +1 chain mail of the Lair of Beasts {Fly
                  | rN+++ Int-3} (You bought it in a shop on level 2 of the
                  | Crypt)
 69127 | Crypt:2  | Bought the +4 moon troll leather armour {Spirit, Regen++
                  | MP+5} for 1035 gold pieces
 69127 | Crypt:2  | Found the +4 moon troll leather armour {Spirit, Regen++
                  | MP+5}
 69691 | Crypt:3  | Found an ancient bone altar of Kikubaaqudgha.
 70483 | Crypt:3  | Found a staircase to the Tomb.
 70831 | Crypt:3  | Noticed a dread lich
 70959 | Crypt:3  | Paralysed by a dread lich for 2 turns
 70964 | Crypt:3  | Killed a dread lich
 70965 | Crypt:3  | Reached skill level 1 in Evocations
 71010 | Crypt:3  | Got Niaciada's Tome of the Voyage
 71013 | Crypt:3  | Got the Compendium of Unholy Arts
 71018 | Crypt:3  | Got the Collected Works on Sinister Rituals
 71545 | Tomb:1   | Entered Level 1 of the Tomb of the Ancients
 71562 | Tomb:1   | Noticed Boris
 71599 | Tomb:1   | Killed Boris
 73434 | Slime:1  | Entered Level 1 of the Pits of Slime
 73959 | Slime:1  | Gained mutation: You sometimes lose the ability to read
                  | scrolls when taking damage. [a shining eye]
 73965 | Slime:1  | Gained mutation: You are very frail. (-20% HP) [a shining
                  | eye]
 74559 | Slime:3  | Reached skill level 5 in Evocations
 74715 | Slime:2  | Reached XP level 27. HP: 119/119 MP: 24/24
 75716 | Slime:5  | Entered Level 5 of the Pits of Slime
 75776 | Slime:5  | Noticed the Royal Jelly
 76454 | Slime:5  | Gained mutation: Your spells are a little easier to cast,
                  | but a little less powerful. [a shining eye]
 76793 | Slime:5  | Gained mutation: You are weak. (Str -2) [a shining eye]
 77631 | Slime:5  | Killed the Royal Jelly
 77909 | Slime:5  | Found the +14 obsidian axe {vorpal, Mesm Drain Fly SInv}
 77948 | Slime:5  | Identified the +0 plate armour "Fyerchics" {rPois Will+
                  | rCorr}
 77966 | Slime:5  | Identified the +8 plate armour of Complete Protection
                  | {Dex+3}
 77969 | Slime:5  | Identified the +8 rapier "Edirithreni" {vorpal, Drain rPois
                  | MP+9 Int+7}
 78003 | Slime:5  | Identified the ring of Existentialism {Int+6 Dex+5}
 78015 | Slime:5  | Identified the ring of the Salmon {AC+4 SInv}
 78040 | Slime:5  | Got a slimy rune of Zot
 78080 | Slime:5  | Identified the +2 ring mail of Kirra {+Inv rC+ Str-3
                  | Stlth+}
 78098 | Slime:5  | Cast into level 5 of the Abyss (unwielding a weapon of
                  | distortion)
 78098 | Abyss:5  | Entered Level 5 of the Abyss
 78418 | Abyss:5  | Gained mutation: You are extremely frail. (-30% HP) [a
                  | neqoxec]
 78796 | Abyss:5  | Paralysed by accursed screaming for 1 turns
 78948 | Abyss:5  | Paralysed by accursed screaming for 1 turns
 78987 | Abyss:5  | Got an abyssal rune of Zot
 79005 | Abyss:5  | Gained mutation: You are very weak. (Str -4) [a neqoxec]
 79017 | Slime:5  | Escaped the Abyss
 79040 | Slime:5  | Lost mutation: Your spells are a little easier to cast, but
                  | a little less powerful. [potion of mutation]
 79040 | Slime:5  | Lost mutation: Your flesh is cold resistant. (rC+) [potion
                  | of mutation]
 79040 | Slime:5  | Lost mutation: You are very weak. (Str -4) [potion of
                  | mutation]
 79040 | Slime:5  | Gained mutation: You expend magic power (3 MP) to
                  | strengthen your wands. [potion of mutation]
 79041 | Slime:5  | Lost mutation: You are weak. (Str -2) [potion of mutation]
 79041 | Slime:5  | Lost mutation: You possess an exceptional clarity of mind.
                  | [potion of mutation]
 79041 | Slime:5  | Lost mutation: You are extremely frail. (-30% HP) [potion
                  | of mutation]
 79041 | Slime:5  | Gained mutation: You have sharp toenails. [potion of
                  | mutation]
 79042 | Slime:5  | Lost mutation: You are agile. (Dex +2) [potion of mutation]
 79042 | Slime:5  | Lost mutation: You expend magic power (3 MP) to strengthen
                  | your wands. [potion of mutation]
 79042 | Slime:5  | Lost mutation: You are very frail. (-20% HP) [potion of
                  | mutation]
 79405 | Slime:5  | Identified the +9 glaive "Muka" {vorpal, rPois rF+ rCorr}
 80007 | Hell     | Entered the Vestibule of Hell
 80007 | Hell     | Noticed Geryon
 80534 | Depths:4 | Bought a shiny tower shield for 195 gold pieces
 81118 | Hell     | Gained mutation: Your spells are a little easier to cast,
                  | but a little less powerful. [a cacodemon]
 81122 | Hell     | Gained mutation: You tend to lose your temper in combat. [a
                  | cacodemon]
 81125 | Hell     | Gained mutation: You are weak. (Str -2) [a cacodemon]
 81191 | Hell     | Gained mutation: You are very frail. (-20% HP) [a
                  | cacodemon]
 81529 | Hell     | Killed Geryon
 81653 | Hell     | Found a gateway to the decaying netherworld of Tartarus.
 81700 | Hell     | Found a gateway to the freezing wastes of Cocytus.
 81804 | Hell     | Found a gateway to the Iron City of Dis.
 81843 | Hell     | Found a gateway to the ashen valley of Gehenna.
 82011 | Geh:1    | Entered Level 1 of Gehenna
 85123 | Geh:6    | Noticed a dread lich
 85125 | Geh:6    | Killed a dread lich
 85269 | Geh:7    | Entered Level 7 of Gehenna
 85980 | Geh:7    | Noticed the Serpent of Hell
 86405 | Zot:1    | Entered Level 1 of the Realm of Zot
 87228 | Zot:1    | You are sucked into a shaft and drop 1 floor!
 87784 | Zot:1    | Identified the +3 fustibalus of Qytusk {flame, MP-9 Int+4}
 88594 | Vaults:2 | Bought a scroll of enchant armour for 150 gold pieces
 88985 | Geh:7    | Killed the Serpent of Hell
 89802 | Geh:7    | Identified the ring "Xulamo" {rC+ rCorr Str+4 Dex-2}
 89925 | Geh:7    | Identified the ring "Ceugh" {rF+ rC+ rCorr}
 90197 | Geh:7    | Found the +7 sceptre of Asmodeus
 90197 | Geh:7    | Noticed Asmodeus
 90310 | Geh:7    | Killed Asmodeus
 90336 | Geh:7    | Got an obsidian rune of Zot
 91675 | Zot:3    | Identified a scroll of acquirement
 91727 | Zot:3    | Acquired a manual of Throwing
 92806 | Depths:4 | Bought the +9 scales of the Dragon King {rPois rF+ rC+
                  | Will+} for 2620 gold pieces
 92806 | Depths:4 | Found the +9 scales of the Dragon King {rPois rF+ rC+
                  | Will+}
 92871 | Zot:4    | Mangled by a death cob

Illustrated notes

Levels and vault maps discovered:
D:1:      dpeg_arrival_tiny_a, layout_rooms, feat_on_display
D:2:      layout_basic, nicolae_ecumenical_pavilion, serial_shops,
          nicolae_shop_advertising_works [nicolae_subvault_shop_adworks],
          minmay_pentomino_v4, uniq_jessica, uniq_terence
D:3:      layout_loops_ring, xom_teletrap_fun, uniq_ijyb, uniq_robin,
          uniq_natasha, uniq_crazy_yiuf_cottage
D:4:      layout_basic, serial_shops, kennysheep_mini_moat, uniq_grinder
D:5:      minmay_inner_zag, layout_loops_corners, makhleb_altar_promises_db,
          minitemple, minmay_temple_entry_offerings, serial_shops, shop,
          minmay_ruined_shrine
D:6:      layout_basic, nemelex_dance_club_becter, elyvilon_altar_4,
          minmay_liquid_box, uniq_sigmund
D:7:      layout_loops_ring, eino_small_chamber_without_monster, uniq_menkaure
D:8:      layout_gridville, serial_bayou_lagoon_a, minivault_24, uniq_maurice
D:9:      minmay_the_grid_octo_tiled_octocenter [minmay_the_grid_octo_empty,
          minmay_the_grid_octo_checkered, minmay_the_grid_octo_horde,
          minmay_the_grid_octo_fan_narrow,
          minmay_the_grid_octo_prize_square_snowflake,
          minmay_the_grid_square_5x5_bridge, minmay_the_grid_square_5x5_empty,
          minmay_the_grid_square_5x5_tetrominoes,
          minmay_the_grid_square_5x5_almost_minimal], layout_basic,
          kennysheep_mini, erik_lair_orcish_takeover, serial_undead,
          serial_undead_d, serial_undead_c, serial_undead_f, serial_undead_e,
          serial_undead_e, serial_undead_f, gammafunk_ghost_spectres,
          uniq_joseph
D:10:     layout_cave_pools, nicolae_ru_sacrificial_ziggurat,
          mainiacjoe_overflow_cross_hatched, david_orc_4,
          serial_co_window_serial, co_window_paths_a, co_window_paths_a,
          co_window_paths_b, co_window_corner_a, co_window_of_opportunity_a,
          co_window_of_opportunity_b, co_window_corner_ca, co_window_corner_cb,
          co_window_paths_c, glass_columns_c, glass_columns_a, glass_columns_b,
          dk_noncrumbling_4
D:11:     nzn_winding_woodlands_large [nzn_winding_woodlands_5x5_cross,
          nzn_winding_woodlands_5x15_longhouse,
          nzn_winding_woodlands_5x5_checkerboard,
          nzn_winding_woodlands_center_diamonds,
          nzn_winding_woodlands_15x15_thick_spiral,
          nzn_winding_woodlands_center_triple_pond,
          nzn_winding_woodlands_5x5_default,
          nzn_winding_woodlands_5x15_split_checker,
          nzn_winding_woodlands_hourglass], layout_basic, serial_shops, shop,
          uniq_erolcha
D:12:     layout_cave_pools
D:13:     layout_rooms, portal_ice_cave_entry_pillars_2, uniq_snorg
D:14:     layout_rooms, david_vaults_1, nzn_hepliaklqana_mist_gate
D:15:     grunt_enter_depths_hoard, layout_layer_cave, serial_rivers,
          chequers_serial_rivers_small_b, chequers_serial_rivers_micro_d,
          chequers_serial_rivers_micro_c, chequers_serial_rivers_large_a,
          chequers_serial_rivers_micro_c
Temple:   nicolae_temple_x_marks_the_god
Lair:1:   layout_roguey, disabler_island, uniq_maggie
Lair:2:   layout_concentric_octagons, dummy_snake_entry
Lair:3:   layout_regular_city, serial_rivers, chequers_serial_rivers_large_b,
          chequers_serial_rivers_micro_c, chequers_serial_rivers_micro_c,
          chequers_serial_rivers_small_3, chequers_serial_rivers_small_3,
          chequers_serial_rivers_micro_a, beast_lair_carwin_3, lemuel_fruit_tree
Lair:4:   layout_regular_city, minmay_shoals_entry_lonely_mermaid
Lair:5:   layout_regular_city, dpeg_slime_entry_enclosed_altar,
          gauntlet_entry_generic, grunt_megastairs_2, serial_bayou_shore_a
Lair:6:   minmay_lair_end_frog_pond, layout_regular_city, basic_altar,
          serial_bayou_pond_d, dpeg_oklob_1
Shoals:1: layout_shoals, nicolae_shop_firing_range, uniq_josephine, uniq_donald,
          uniq_jorgrun
Shoals:2: layout_shoals
Shoals:3: layout_shoals, gammafunk_ghost_berserking_beasts, uniq_ilsuiw
Shoals:4: shoals_end_hellmonk_storm_palace [storm_palace_center_square,
          storm_palace_corner_reverse_hut, storm_palace_corner_reverse_hut,
          storm_palace_corner_blocked, storm_palace_corner_grid], uniq_louise
Snake:1:  layout_layer_cave, minmay_shop_grove, serial_bayou_shore_b
Snake:2:  layout_rooms, nicolae_snake_scaly_snakehead
Snake:3:  layout_onion_interference, uniq_vashnia, uniq_nikola, uniq_mara
Snake:4:  grunt_snake_rune_serpentine_throne, layout_cave_town, serial_shops,
          shop_scrolls
Slime:1:  layout_caves
Slime:2:  layout_caves, cheibrodos_slime_lost_civilization_6
Slime:3:  layout_caves
Slime:4:  layout_caves
Slime:5
Orc:1:    layout_diamond_mine, basic_altar, hellmonk_bongcloud_opening
Orc:2:    st_orc_elflike, layout_caves, serial_shops, shop, minmay_shop_mayhem,
          mines1_david, uniq_saint_roka, uniq_nessos
Elf:1:    minmay_elf_arrival_circle, layout_onion_city, minmay_elf_sorcery,
          drop_trap, hangedman_glass_teeth, uniq_azrael
Elf:2:    elven_hall_of_blades_hangedman_original [nicolae_blade_bullseye],
          layout_geoelf_octagon, basic_altar, nicolae_elf_glassroom_feature
Elf:3:    minmay_elf_hall_x, layout_loops_ring
Vaults:1: gammafunk_sealed_arena, nicolae_vaults_what_the_h,
          nicolae_vaults_ring_of_whatevers, grunt_vaults_hallway_long,
          vaults_room_large_hall, layout_vaults_quadrants
Vaults:2: nicolae_vaults_ring_of_whatevers, hangedman_vaults_slice,
          nicolae_vaults_mini_display_case, vaults_mumra_lcd, v_misc_32,
          nicolae_vaults_triangles, hangedman_vaults_stretched_pinwheel,
          ontoclasm_vaults_shuriken, hangedman_vaults_capsules,
          layout_vaults_big_cross, serial_shops, shop, nicolae_shop_trees,
          nicolae_shop_crystal, nicolae_shop_crystal, uniq_asterion,
          uniq_bai_suzhen
Vaults:3: ontoclasm_vaults_ring_square, nicolae_vaults_little_squares_3,
          v_misc_4, vaults_room_corners, ontoclasm_vaults_ring_square,
          grunt_vaults_funnel, minmay_crypt_entry_simple_walls,
          hangedman_vaults_corner, vaults_room_door_ring, vaults_room_pool,
          nicolae_vaults_border_crossing, layout_vaults_chaotic_city,
          uniq_frederick
Vaults:4: nicolae_vaults_circle_grid_a, ontoclasm_vaults_chip, v_pattern_3,
          nicolae_vaults_circle_grid_b, vaults_dpeg_encased_lava,
          nicolae_vaults_little_squares_2, nicolae_vaults_little_squares_6,
          nicolae_vaults_network_periphery, vaults_room_pool,
          hangedman_vaults_corner_blocks, vaults_standard_mumra_x,
          vaults_mumra_hex, v_misc_22, grunt_vaults_diagonal,
          hangedman_vaults_corner_blocks, layout_vaults_omnibox, serial_shops,
          bzr_entry_water
Vaults:5: uniq_mennas, uniq_boris
Crypt:1:  layout_misc_corridors, uniq_jory
Crypt:2:  layout_chaotic_city
Crypt:3:  evilmike_haunted_forest
Tomb:1
Depths:1: layout_twisted_cross, ebering_ghost_gozag, hell_entry,
          kennysheep_cluttered_room, evilmike_spriggan_trog_shrine
Depths:2: lemuel_castle_with_subvaults [lemuel_castle_interior_carwin_2],
          layout_long_grid, pan_entry, grunt_mini_vestibule,
          minmay_misc_feat_roman, infiniplex_staircase_diamond
Depths:3: evilmike_pillar_path, layout_gridlike, enter_ziggurat_a,
          grunt_pan_entry_zigzag, marbit_kobold_abyss_entry, kennysheep_donut,
          grunt_hell_entry_dis_old
Depths:4: grunt_zot_entry_gee_three, layout_gridlike, zin_angel, hell_entry,
          serial_shops, shop, kennysheep_random_hallway
Hell
Geh:1:    layout_gehenna_lava_caves
Geh:2:    layout_gehenna_lava_caves
Geh:3:    layout_gehenna_pools_basic
Geh:4:    layout_gehenna_pools_box, hangedman_hellfire_club
Geh:5:    layout_gehenna_pools_basic
Geh:6:    layout_gehenna_lava_caves
Geh:7:    geh_grunt_pentagon
Zot:1:    layout_gridlike, drop_trap, st_small_dragon_hoard_2
Zot:2:    layout_misc_corridors
Zot:3:    layout_basic
Zot:4:    lemuel_draconian_sentries_small, layout_twisted_circle,
          evilmike_ambush [evilmike_ambush_outer_pillars,
          evilmike_ambush_inner_basic]

Skill      XL: |  1  2  3  4  5  6  7  8  9 10 11 12 13 14 15 16 17 18 19 20 21 22 23 24 25 26 27 |
---------------+----------------------------------------------------------------------------------+-----
Short Blades   | 2 3 4 5 6 8 10 11 12 13 14 15 17 18 20 21 | 21.7
Fighting       | 5 7 8 10 11 13 14 15 16 17 18 | 18.3
Dodging        | 3 5 7 9 10 11 12 13 14 15 16 17 18 19 | 19.0
Armour         | 3 4 5 6 7 8 9 10 11 12 13 14 15 16 17 | 17.6
Stealth        | 1 6 9 11 13 15 17 18 19 | 19.2
Shields        | 5 7 9 10 11 12 13 14 15 16 17 21 | 21.7
Throwing       | 1 7 10 12 14 16 | 16.7
Evocations     | 5 9 |  9.4
Slings         | 2 |  2.7

Action                   |  1- 3 |  4- 6 |  7- 9 | 10-12 | 13-15 | 16-18 | 19-21 | 22-24 | 25-27 || total
-------------------------+-------+-------+-------+-------+-------+-------+-------+-------+-------++-------
Melee: Rapier            |    56 |   162 |   220 |       |       |       |       |       |  2158 ||  2596
       Bite              |     9 |    41 |   101 |   177 |   500 |   455 |   874 |  1009 |  2671 ||  5837
       Short sword       |       |       |   110 |   515 |  1206 |  1151 |  1696 |  1718 |  2022 ||  8418
Throw: Boomerang         |       |     1 |     5 |    64 |    41 |    58 |    20 |    29 |   360 ||   578
Invok: Potion Petition   |       |       |       |     1 |       |       |     3 |     1 |     1 ||     6
       Call Merchant     |       |       |       |       |     2 |     1 |     2 |       |     6 ||    11
Evoke: Wand              |       |       |       |     4 |       |       |       |       |     2 ||     6
       Piece from Xom's  |       |       |       |       |       |     1 |       |       |       ||     1
       Phantom mirror    |       |       |       |       |       |       |       |     1 |       ||     1
  Use: Potion            |     1 |     1 |     1 |     4 |     9 |       |       |     2 |    18 ||    36
       Scroll            |       |     2 |     2 |    11 |    12 |    13 |     5 |     6 |    12 ||    63
 Stab: Distracted        |       |       |       |     5 |    13 |     9 |    36 |    45 |    58 ||   166
       Sleeping          |       |       |       |       |       |    44 |    46 |    61 |    50 ||   201
Armor: Scale mail        |    36 |    37 |       |       |       |       |       |       |       ||    73
       Chain mail        |       |     8 |    98 |   179 |   275 |   306 |   250 |   201 |   343 ||  1660
       Skin              |       |     1 |       |       |       |       |       |       |       ||     1
       Troll leather arm |       |       |       |       |       |       |       |       |   237 ||   237
       Gold dragon scale |       |       |       |       |       |       |       |       |    42 ||    42
Dodge: Dodged            |    41 |    40 |   112 |   232 |   614 |   413 |   777 |   763 |  2663 ||  5655
Block: Buckler           |    13 |    26 |    64 |    93 |   266 |   531 |  1126 |   953 |  2765 ||  5837
       Reflection        |       |       |       |       |     2 |   130 |   105 |    52 |    44 ||   333
       Tower shield      |       |       |       |       |       |       |       |       |   567 ||   567
